 Dungeon Crawl Stone Soup version 0.24.0-125-gc4c63601f3 (webtiles) character file.

Game seed: 945553228584961360, levelgen mode: deterministic

306 Peloso the Slasher (level 6, -4/55 HPs)
             Began as a Minotaur Fighter on Mar 6, 2020.
             Slain by Prince Ribbit (10 damage)
             ... on level 6 of the Dungeon.
             The game lasted 00:04:12 (1858 turns).

Peloso the Slasher (Minotaur Fighter)               Turns: 1858, Time: 00:04:12

Health: -4/55      AC:  8    Str: 21    XL:     6   Next: 16%
Magic:  5/5        EV:  8    Int:  5    God:
Gold:   83         SH: 10    Dex: 11    Spells: 5/5 levels left

rFire    . . .     SeeInvis .   a - +0 long sword
rCold    . . .     Gourm    .   c - +0 shield
rNeg     . . .     Faith    .   b - +0 scale mail
rPois    .         Spirit   .   (helmet restricted)
rElec    .         Reflect  .   j - +0 cloak
rCorr    .         Harm     .   (no gloves)
MR       .....                  (no boots)
Stlth    ..........             k - amulet of magic regeneration
HPRegen  0.18/turn              (no ring)
MPRegen  0.34/turn              (no ring)

@: no status effects
A: retaliatory headbutt, horns 2
a: no special abilities


You were on level 6 of the Dungeon.
You were very hungry.

You visited 1 branch of the dungeon, and saw 5 of its levels.

You collected 83 gold pieces.

Inventory:

Hand Weapons
 a - a +0 long sword (weapon)
Missiles
 i - 17 bolts
Armour
 b - a +0 scale mail (worn)
 c - a +0 shield (worn)
 j - a +0 cloak (worn)
Jewellery
 k - an amulet of magic regeneration (around neck)
Scrolls
 g - a scroll of identify {unknown}
 h - a scroll of magic mapping {unknown}
 l - a scroll of amnesia {unknown}
Comestibles
 f - 5 rations


   Skills:
 + Level 4.9 Fighting
 + Level 5.2 Long Blades
 + Level 4.6 Armour
 + Level 1.3 Dodging
 + Level 0.7 Stealth
 + Level 4.7 Shields


You had 5 spell levels left.
You didn't know any spells.
Your spell library was empty.

Dungeon Overview and Level Annotations

Branches:
Dungeon (6/15)
 Temple: D:4-7

Altars:
Dithmenos

Annotations:
D:6 Prince Ribbit


Innate Abilities, Weirdness & Mutations

You reflexively headbutt those who attack you in melee.
You have a pair of horns on your head.


Message History

You start resting.
Prince Ribbit is too close now for your liking.
Prince Ribbit is nearby!
Prince Ribbit is nearby!
Prince Ribbit mumbles some strange words.
Prince Ribbit looks slightly unstable.
Prince Ribbit disappears!
Found a robe.
Found a scroll labeled BAZEPRO BAXKA.
Found a stone staircase leading up.
Prince Ribbit hits you!
* * * LOW HITPOINT WARNING * * *
You block Prince Ribbit's attack. Prince Ribbit hits you!
* * * LOW HITPOINT WARNING * * *
Unknown command.
You miss Prince Ribbit.
Prince Ribbit is severely wounded.
Prince Ribbit hits you but does no damage.
Prince Ribbit hits you!
You die...

#...........
###...........
#.............
#.####.###....
#.# ? #.# #
#.# #. ##.#
#.## ##F@#
#...##<.##
#..#.###
#.....#
##.###..#
####..####.##
#............
#.....##......
#.....# ..##..


You could see Prince Ribbit.

Vanquished Creatures
  Sigmund (D:2)
  An orc priest (D:3)
  7 adders
  3 worms
  2 leopard geckos
  5 orcs
  4 giant cockroaches
  2 goblins
  4 hobgoblins
  2 jackals (D:1)
  2 quokkas (D:2)
  2 bats (D:2)
  A frilled lizard (D:1)
  4 kobolds
  4 rats
44 creatures vanquished.

Notes
Turn   | Place    | Note
-------+----------+-------------------------------------------
     0 | D:1      | Peloso the Minotaur Fighter began the quest for the Orb.
     0 | D:1      | Reached XP level 1. HP: 19/19 MP: 0/0
   350 | D:1      | Reached XP level 2. HP: 23/27 MP: 1/1
   768 | D:2      | Reached XP level 3. HP: 31/33 MP: 2/2
   813 | D:2      | Found a shadowy altar of Dithmenos.
   875 | D:2      | Reached skill level 3 in Long Blades
   955 | D:2      | Noticed Sigmund
   965 | D:2      | Killed Sigmund
   965 | D:2      | Reached skill level 4 in Long Blades
   965 | D:2      | Reached skill level 1 in Dodging
   965 | D:2      | Reached XP level 4. HP: 25/41 MP: 3/3
   965 | D:2      | Reached XP level 5. HP: 29/47 MP: 4/4
  1431 | D:3      | Reached skill level 5 in Long Blades
  1431 | D:3      | Reached XP level 6. HP: 38/55 MP: 5/5
  1732 | D:3      | You fall into a shaft and drop 2 floors!
  1732 | D:5      | Entered Level 5 of the Dungeon
  1806 | D:5      | Noticed Prince Ribbit
  1858 | D:6      | Slain by Prince Ribbit

Levels and vault maps discovered:
D:1:      matt_arrival_spirals, layout_basic, minmay_misc_feat_nine_boxes
D:2:      layout_loops_cross, first_ration, grunt_dithmenos_smoke_and_mirrors,
          uniq_sigmund
D:3:      layout_rooms, biasface_ghost_orc_armoury
D:5:      layout_rooms, palyth_stone_intersect, item_on_display_a,
          uniq_prince_ribbit1, uniq_menkaure
D:6:      layout_rooms, gammafunk_temple_overflow_pools

Skill      XL: |  1  2  3  4  5 |
---------------+----------------+-----
Shields        | 4 |  4.7
Armour         | 4 |  4.6
Fighting       | 4 |  4.9
Long Blades    | 4 5 |  5.2
Dodging        | 1 |  1.3
Stealth        | |  0.7

Action                   |  1- 3 |  4- 6 || total
-------------------------+-------+-------++-------
Melee: Long sword        |    68 |    69 ||   137
       Headbutt          |     8 |    10 ||    18
  Use: Potion            |     4 |     1 ||     5
       Scroll            |       |     1 ||     1
  Eat: Chunk             |       |     2 ||     2
Armor: Scale mail        |    29 |    22 ||    51
Dodge: Dodged            |    22 |    12 ||    34
Block: Shield            |    32 |    38 ||    70
       Rpst.: Long sword |     9 |     8 ||    17
